 Dungeon Crawl Stone Soup version 0.28-a0-479-g5baa6b73be (webtiles) character file.

Game seed: 2953098827212940141

949 Dabor the Sneak (level 7, 0/32 HPs)
             Began as a Spriggan Enchanter on Sept 19, 2021.
             Slain by a white imp (5 damage)
             ... on level 6 of the Dungeon.
             The game lasted 00:12:54 (8145 turns).

Dabor the Sneak (Spriggan Enchanter)                Turns: 8145, Time: 00:12:55

Health: 0/32       AC:  2    Str:  6    XL:     7   Next: 90%
Magic:  8/16       EV: 20    Int: 16    God:
Gold:   215        SH:  0    Dex: 16    Spells: 10/17 levels left

rFire   . . .      SeeInvis +   s - +2 dagger (freeze)
rCold   . . .      Faith    .   (shield restricted)
rNeg    . . .      Spirit   .   b - +0 robe
rPois   .          Reflect  .   (helmet restricted)
rElec   .          Harm     .   (no cloak)
rCorr   .          Rampage  .   (gloves unavailable)
Will    +....                   (boots unavailable)
Stlth   ++++......              (no amulet)
HPRegen 0.10/turn               (no ring)
MPRegen 0.15/turn               (no ring)

@: very quick
A: very small, no large weapons, unfitting armour, see invisible, speed 3
a: no special abilities


You were on level 6 of the Dungeon.
You visited 1 branch of the dungeon, and saw 5 of its levels.

You collected 215 gold pieces.

Inventory:

Hand Weapons
 a - a +1 dagger
 j - a +0 dagger of electrocution
 s - a +2 dagger of freezing (weapon)
Missiles
 d - 131 stones
 i - 51 poisoned darts (quivered)
Armour
 b - a +0 robe (worn)
Jewellery
 r - a ring of ice
Wands
 n - a wand of iceblast (5)
Scrolls
 f - a scroll of enchant weapon {unknown}
 h - a scroll of enchant armour {unknown}
 l - a scroll of fog
 o - a scroll of immolation {unknown}
 p - 4 scrolls of identify {unknown}
Potions
 c - a potion of invisibility
 e - 2 potions of haste {unknown}
 g - a potion of curing
 k - a potion of mutation {unknown}
 m - a potion of resistance {unknown}
 q - a potion of heal wounds {unknown}


   Skills:
 + Level 4.3 Short Blades
 + Level 5.8 Dodging
 * Level 7.9 Stealth
 + Level 5.5 Spellcasting
 + Level 6.0 Hexes


You had 10 spell levels left.
You knew the following spells:

 Your Spells              Type           Power      Damage    Failure   Level
a - Slow                  Hex            23%        N/A       1%          2
b - Tukima's Dance        Hex            23%        N/A       3%          3
c - Ensorcelled Hibernat  Hex/Ice        28%        N/A       6%          2

Your spell library contained the following spells:

 Spells                   Type           Power      Damage    Failure   Level
 Confusing Touch          Hex            23%        N/A       3%          3
 Dazzling Flash           Conj/Hex       28%        N/A       13%         3
 Animate Skeleton         Necr           8%         N/A       14%         1
 Apportation              Tloc           8%         N/A       14%         1
 Summon Small Mammal      Summ           16%        N/A       14%         1
 Yara's Violent Unravell  Hex/Tmut       7%         3d5       75%         5
 Alistair's Intoxication  Tmut/Pois      2%         N/A       99%         5
 Borgnjor's Vile Clutch   Necr/Erth      2%         N/A       99%         5
 Fireball                 Conj/Fire      2%         3d4       99%         5
 Iskenderun's Battlesphe  Conj           4%         2d6       99%         5
 Conjure Ball Lightning   Conj/Air       2%         3x3d6     100%        6
 Eringya's Noxious Bog    Tmut/Pois      2%         N/A       100%        6
 Orb of Destruction       Conj           2%         9d1       100%        7


Dungeon Overview and Level Annotations

Branches:
Dungeon (4/15)
 Temple: D:4-7

Altars:
Kikubaaqudgha
The Shining One

Annotations:
D:2 1 runed translucent door, Crazy Yiuf
D:4 2 transporters


Innate Abilities, Weirdness & Mutations

You are very small and have problems with some larger weapons.
You are too small for most types of armour.
You have supernaturally acute eyesight. (SInv)
You cover ground extremely quickly. (Speed+++)


Message History

Press: ? - help, Shift-Dir - straight line, f/p - white imp
Aim: a white imp (heavily wounded, chance to affect: 71%)
The white imp struggles to resist.
The white imp gestures at you. The puff of frost misses you.
The white imp gestures at you. The puff of frost misses you.
Casting: Slow (safe; 1% risk of failure)
Confirm with . or Enter, or press ? or * to list all spells.
Aiming: Slow (safe; 1% risk of failure)
Press: ? - help, Shift-Dir - straight line, f/p - white imp
Aim: a white imp (heavily wounded, chance to affect: 71%)
The white imp struggles to resist.
Casting: Slow (safe; 1% risk of failure)
Confirm with . or Enter, or press ? or * to list all spells.
Aiming: Slow (safe; 1% risk of failure)
Press: ? - help, Shift-Dir - straight line, f/p - white imp
Aim: a white imp (heavily wounded, chance to affect: 71%)
The white imp struggles to resist.
Casting: Slow (safe; 1% risk of failure)
Confirm with . or Enter, or press ? or * to list all spells.
Aiming: Slow (safe; 1% risk of failure)
Press: ? - help, Shift-Dir - straight line, f/p - white imp
Aim: a white imp (heavily wounded, chance to affect: 71%)
The white imp seems to slow down.
The white imp barely misses you. The white imp hits you.
The white imp freezes you.
* * * LOW HITPOINT WARNING * * *
You hit the white imp but do no damage.
The white imp is heavily wounded.
You hit the white imp.
The white imp is severely wounded.
The white imp misses you.
You hit the white imp but do no damage.
The white imp is severely wounded.
You hit the white imp but do no damage.
The white imp is severely wounded.
The white imp hits you.
* * * LOW HITPOINT WARNING * * *
The white imp freezes you.
You die...

#.........# #.# ##...
###.........####.# #.##
...............#(# #..#
.........)..##.#.# ##.#
.............#.#.# #.#
.............#.#.# #.#
........(>.#§#.#.#
########.#
...###.#(.(#§#.#.#
#........#
....§§§#...(.#.#@#
#.........
...............#5#
#.......#.
...............).#
###.......#.
....##############
#.........##
#D..##...........#
#....#######
#...##.#########.#####...†#
# §...##.#
#..........'....# #
(...##.# #.####.#####....#
# ....##.#
#.#........#....# #


You could see a white imp (slow).

Vanquished Creatures
  A steam dragon (D:6)
  2 ogres (D:6)
  The ghost of WhatIsLove the Ruffian, an amateur DrTm (D:3)
  A kobold brigand (D:6)
  A bullfrog (D:6)
  A scorpion (D:4)
  A hound (D:3)
  An orc priest (D:6)
  A hound skeleton (D:4)
  Robin (D:2)
  A gnoll (D:1)
  An adder (D:2)
  5 worms
  A dart slug (D:1)
  11 orcs
  7 endoplasms
  5 giant cockroaches
  13 goblins
  7 hobgoblins
  2 jackals (D:1)
  7 kobolds
  A quokka (D:4)
  9 ball pythons
  2 frilled lizards (D:1)
  5 rats (D:1)
  2 rat zombies (D:6)
90 creatures vanquished.

Vanquished Creatures (collateral kills)
  A hornet zombie (D:6)
  A scorpion (D:6)
  A white imp (D:6)
  A kobold (D:6)
4 creatures vanquished.

Vanquished Creatures (others)
  A dancing weapon (D:6)
  4 plants (D:1)
  A withered plant (D:3)
6 creatures vanquished.

Grand Total: 100 creatures vanquished

Notes
Turn   | Place    | Note
-------+----------+-------------------------------------------
     0 | D:1      | Dabor the Spriggan Enchanter began the quest for the Orb.
     0 | D:1      | Reached XP level 1. HP: 9/9 MP: 5/5
   553 | D:1      | Reached XP level 2. HP: 13/13 MP: 6/6
  1736 | D:2      | Noticed Robin
  2140 | D:1      | Reached XP level 3. HP: 3/16 MP: 8/8
  2637 | D:1      | Reached skill level 5 in Stealth
  3337 | D:2      | Killed Robin
  3338 | D:2      | Reached XP level 4. HP: 6/21 MP: 10/10
  3594 | D:2      | Found a runed translucent door.
  3595 | D:2      | Noticed Crazy Yiuf
  3779 | D:2      | Learned a level 2 spell: Slow
  3783 | D:2      | Learned a level 3 spell: Tukima's Dance
  3899 | D:2      | Found a faded altar of an unknown god.
  3914 | D:2      | Became a worshipper of the Shining One
  3914 | D:2      | Reached * piety under the Shining One
  3919 | D:2      | Fell from the grace of the Shining One
  4996 | D:3      | Noticed WhatIsLove's ghost (amateur DrTm)
  4997 | D:3      | Found a runed translucent door.
  5254 | D:4      | Noticed a scorpion
  5643 | D:3      | Learned a level 2 spell: Ensorcelled Hibernation
  5836 | D:3      | Killed WhatIsLove's ghost
  5837 | D:3      | Reached XP level 5. HP: 22/24 MP: 9/12
  6130 | D:4      | Found a transporter.
  6139 | D:4      | Found a transporter.
  6185 | D:4      | Reached skill level 6 in Stealth
  6185 | D:4      | Reached XP level 6. HP: 22/28 MP: 10/13
  6268 | D:4      | Reached skill level 5 in Hexes
  6444 | D:4      | You fall into a shaft and drop 2 floors!
  6869 | D:6      | Found an ancient bone altar of Kikubaaqudgha.
  7151 | D:6      | Reached skill level 5 in Dodging
  7168 | D:6      | Reached XP level 7. HP: 26/32 MP: 4/15
  7178 | D:6      | Reached skill level 7 in Stealth
  7178 | D:6      | Reached skill level 5 in Spellcasting
  7856 | D:6      | Noticed a steam dragon
  7899 | D:6      | Killed a steam dragon
  8145 | D:6      | Slain by a white imp

Illustrated notes

Levels and vault maps discovered:
D:1:      eino_arrival_druids_welcome, layout_basic, chequers_avenue
D:2:      layout_basic, hellmonk_ecumenical_altar_crossroads, uniq_robin,
          uniq_crazy_yiuf_cottage
D:3:      layout_basic, gammafunk_ghost_grave
D:4:      gammafunk_wand_slinger, layout_rooms, old_standard_altar
D:6:      layout_basic, lemuel_zombie_altar_kikubaaqudgha, grunt_ministairs_4

Skill      XL: |  1  2  3  4  5  6  7 |
---------------+----------------------+-----
Dodging        | 3 4 5 |  5.8
Spellcasting   | 3 4 5 |  5.5
Hexes          | 4 5 6 |  6.0
Stealth        | 5 6 7 |  7.9
Short Blades   | 2 3 4 |  4.3

Action                   |  1- 3 |  4- 6 |  7- 9 || total
-------------------------+-------+-------+-------++-------
Melee: Dagger            |   172 |   212 |    26 ||   410
Throw: Stone             |    52 |     5 |       ||    57
       Dart              |    12 |    11 |    15 ||    38
 Cast: Slow              |       |    16 |     7 ||    23
       Tukima's Dance    |       |     2 |     6 ||     8
Invok: Renounce Religion |       |     1 |       ||     1
  Use: Scroll            |     1 |       |     1 ||     2
 Stab: Sleeping          |     6 |     6 |       ||    12
Armor: Robe              |    15 |     7 |       ||    22
Dodge: Dodged            |   154 |   107 |    24 ||   285

Table legend: (Time is in decaauts)
 A = Elapsed time spent in this place.
 B = Non-inter-level travel time spent in this place.
 C = Inter-level travel time spent in this place.
 D = Time resting spent in this place.
 E = Time spent auto-exploring this place.
 F = Levels seen in this place.
 G = Mean time per level.
                   A        B        C        D        E       F      G
               +--------+--------+--------+--------+--------+-----+--------+
         Total |   6672 |   6595 |     77 |   2207 |   3295 |   5 | 1334.4 |
       Dungeon |   6672 |   6595 |     77 |   2207 |   3295 |   5 | 1334.4 |
               +--------+--------+--------+--------+--------+-----+--------+

Top non-repeatable levels by time:
     D:1: 2432 daAuts
     D:2: 1573 daAuts
     D:6: 1373 daAuts
     D:3: 1017 daAuts
     D:4: 276 daAuts
